 Dungeon Crawl Stone Soup version 0.28-a0-1594-ga885d4b3d6 (webtiles) character file.

Game seed: 10041836454898057100

205 fragbeetle the Slasher (level 5, -2/43 HPs)
             Began as a Palentonga Abyssal Knight on Jan 20, 2022.
             Was a Priest of Lugonu.
             Slain by a lemure (5 damage)
             ... led by Pikel
             ... on level 4 of the Dungeon.
             The game lasted 00:06:23 (3130 turns).

fragbeetle the Slasher (Palentonga Abyssal Knight)  Turns: 3130, Time: 00:06:23

Health: -2/43      AC:  6    Str: 16    XL:     5   Next: 52%
Magic:  7/7        EV:  8    Int: 10    God:    Lugonu [***...]
Gold:   209        SH:  0    Dex: 13    Spells: 4/4 levels left

rFire   . . .      SeeInvis +   w - +2 dagger (venom)
rCold   . . .      Faith    .   (no shield)
rNeg    . . .      Spirit   .   y - +0 ring mail
rPois   .          Reflect  .   (no helmet)
rElec   .          Harm     .   (no cloak)
rCorr   .          Rampage  .   j - +0 pair of gloves
Will    .....                   (no barding)
Stlth   +.........              (no amulet)
HPRegen 0.14/turn               (no ring)
MPRegen 0.10/turn               (no ring)

@: no status effects
A: large, rugged brown scales 3, see invisible, deformed body, roll 1, armoured
tail
a: Rolling Charge, Renounce Religion, Depart the Abyss, Bend Space, Banish


You were on level 4 of the Dungeon.
You worshipped Lugonu.
Lugonu was most pleased with you.
You visited 1 branch of the dungeon, and saw 5 of its levels.
You visited the Abyss 1 time.

You collected 209 gold pieces.

Inventory:

Hand Weapons
 a - a +1 falchion
 w - a +2 dagger of venom (weapon)
Missiles
 c - 115 stones
 l - 20 bolts
 p - 7 boomerangs
 r - a throwing net
 z - 13 arrows
Armour
 b - a +0 leather armour
 j - a +0 pair of gloves (worn)
 s - a +0 scale mail
 y - a +0 ring mail (worn)
Wands
 q - a wand of mindburst (20)
Scrolls
 d - a scroll of torment {unknown}
 e - 2 scrolls of summoning {unknown}
 f - 2 scrolls of blinking {unknown}
 g - 2 scrolls of teleportation {unknown}
 h - a scroll of identify {unknown}
 m - a scroll of brand weapon {unknown}
 n - a scroll of fog {unknown}
 o - a scroll of magic mapping {unknown}
 t - a scroll of vulnerability {unknown}
 u - 3 scrolls of noise {unknown}
Potions
 i - 3 potions of mutation {unknown}
 k - a potion of degeneration {unknown}
 v - a potion of ambrosia {unknown}
 x - a potion of haste {unknown}


   Skills:
 - Level 3.0 Fighting
 + Level 1.2(3.2) Short Blades
 + Level 4.6(4.7) Long Blades
 - Level 1.5 Armour
 - Level 0.7 Dodging
 + Level 3.9 Invocations


You had 4 spell levels left.
You didn't know any spells.
Your spell library was empty.

Dungeon Overview and Level Annotations

Branches:
Dungeon (5/15)
 Temple: D:4-7

Altars:
Kikubaaqudgha
Uskayaw

Annotations:
D:4 3 runed translucent doors, Pikel


Innate Abilities, Weirdness & Mutations

You are completely covered in rugged brown scales. (AC +3, +7% HP)
You have supernaturally acute eyesight. (SInv)
Armour fits poorly on your strangely shaped body.
You can roll at nearby foes to attack.
You have a long armoured tail.


Message History

Press: ? - help, Shift-Dir - straight line, f/p - Pikel
Aim: Pikel, wielding a +1 whip of freezing and wearing a +0 robe (lightly wounded, 50% to hit)
You throw a boomerang. The lemure shouts!
The boomerang hits Pikel.
Pikel is lightly wounded.
Press: ? - help, Shift-Dir - straight line, f/p - Pikel
Aim: Pikel, wielding a +1 whip of freezing and wearing a +0 robe (lightly wounded, chance to affect: 81%)
You fail to use your ability.
Press: ? - help, Shift-Dir - straight line, f/p - Pikel
Aim: Pikel, wielding a +1 whip of freezing and wearing a +0 robe (lightly wounded, chance to affect: 81%)
You fail to use your ability.
Pikel barely misses you.
Press: ? - help, Shift-Dir - straight line, f/p - Pikel
Aim: Pikel, wielding a +1 whip of freezing and wearing a +0 robe (lightly wounded, chance to affect: 81%)
You fail to use your ability.
Pikel hits you with a +1 whip of freezing.
Pikel freezes you.
Unknown command.
Press: ? - help, Shift-Dir - straight line, f/p - Pikel
Aim: Pikel, wielding a +1 whip of freezing and wearing a +0 robe (lightly wounded, chance to affect: 81%)
You fail to use your ability.
Pikel hits you with a +1 whip of freezing.
Pikel freezes you.
* * * LOW HITPOINT WARNING * * *
Press: ? - help, Shift-Dir - straight line, f/p - Pikel
Aim: Pikel, wielding a +1 whip of freezing and wearing a +0 robe (lightly wounded, chance to affect: 81%)
You fail to use your ability.
Pikel hits you with a +1 whip of freezing.
* * * LOW HITPOINT WARNING * * *
Pikel freezes you.
* * * LOW HITPOINT WARNING * * *
Press: ? - help, Shift-Dir - straight line, f/p - Pikel
Aim: Pikel, wielding a +1 whip of freezing and wearing a +0 robe (lightly wounded, chance to affect: 81%)
You fail to use your ability.
Pikel hits you with a +1 whip of freezing.
* * * LOW HITPOINT WARNING * * *
Pikel freezes you.
* * * LOW HITPOINT WARNING * * *
The lemure hits you.
You die...

######K))...........PP..#.....
#............>).PP..P...#....#
#.####.......###.P.......#####
#............# ###............
#######.###########
.....#.##### #<....#.#
#......# .....#. #####÷#.#
#......# ... #.
##.#.####..5..)# ..
#...>...†..K@..#
#.#............#
#..........##### ###....)...#
#........# #........#
#........# ##########


You could see Pikel and a lemure.

Vanquished Creatures
  An orc priest (D:4)
  A bullfrog skeleton (D:4)
  An orc wizard (D:3)
  3 adders
  An adder skeleton (D:4)
  2 worms
  2 dart slugs
  8 orcs
  3 bats
  3 endoplasms
  A giant cockroach (D:4)
  8 goblins
  8 hobgoblins
  4 jackals (D:3)
  6 kobolds
  2 quokkas
  8 ball pythons
  2 frilled lizards
  10 rats
74 creatures vanquished.

Vanquished Creatures (others)
  2 fungi (D:1)
  6 plants (D:1)
  3 withered plants (D:4)
11 creatures vanquished.

Grand Total: 85 creatures vanquished

Notes
Turn   | Place    | Note
-------+----------+-------------------------------------------
     0 | Abyss:1  | fragbeetle the Palentonga Abyssal Knight began the quest
                  | for the Orb.
     0 | Abyss:1  | Reached XP level 1. HP: 19/19 MP: 2/2
    38 | D:1      | Escaped the Abyss
   223 | D:1      | Reached XP level 2. HP: 25/25 MP: 3/3
   436 | D:1      | Reached ** piety under Lugonu
   441 | D:1      | Reached skill level 3 in Long Blades
   502 | D:1      | Found a faded altar of an unknown god.
   750 | D:2      | Reached XP level 3. HP: 13/31 MP: 3/5
  1904 | D:3      | Reached XP level 4. HP: 37/37 MP: 6/6
  2292 | D:3      | Reached skill level 4 in Long Blades
  2683 | D:4      | Reached *** piety under Lugonu
  2702 | D:4      | Found an ancient bone altar of Kikubaaqudgha.
  2748 | D:4      | Reached XP level 5. HP: 37/43 MP: 7/7
  2926 | D:4      | Found a hide-covered altar of Uskayaw.
  2947 | D:4      | Found a runed translucent gate.
  2949 | D:4      | Found a runed translucent gate.
  2950 | D:4      | Found a runed translucent gate.
  2952 | D:4      | Noticed Pikel
  2952 | D:4      | Noticed a lemure
  2952 | D:4      | Noticed a lemure
  3010 | D:5      | Entered Level 5 of the Dungeon
  3019 | D:5      | Reached skill level 1 in Short Blades
  3130 | D:4      | Slain by a lemure

Illustrated notes

Levels and vault maps discovered:
D:1:      ncdulo_wetmaze, layout_basic, shapermc_ecumenical_altar_mp_ritualfount
D:2:      layout_basic, serial_glass, glass_columns_a, glass_columns_a,
          glass_columns_b, glass_columns_b, glass_columns_b, glass_columns_b,
          glass_columns_a, glass_columns_a, glass_columns_b, glass_columns_b,
          glass_columns_a, glass_columns_a, glass_columns_c, glass_columns_b
D:3:      layout_loops_ring, kennysheep_nub, grunt_ministairs_7,
          kennysheep_cluttered_room
D:4:      layout_basic, kiku_gazebo_garden_becter, mainiacjoe_overflow_alcove_4,
          gammafunk_ghost_icy, uniq_pikel
D:5:      layout_basic, minmay_temple_entry_arrows, serial_shops,
          kennysheep_little_box, nicolae_shop_clearance

Skill      XL: |  1  2  3  4  5 |
---------------+----------------+-----
Long Blades    | 3 4 |  4.6
Invocations    | 3 |  3.9
Short Blades   | 1 |  1.2
Fighting       | |  3.0
Armour         | |  1.5
Dodging        | |  0.7

Action                   |  1- 3 |  4- 6 || total
-------------------------+-------+-------++-------
Melee: Falchion          |   116 |    39 ||   155
       Tailslap          |    12 |    11 ||    23
       Dagger            |       |    49 ||    49
       Punch             |       |     1 ||     1
Throw: Boomerang         |     2 |     4 ||     6
 Abil: Rolling Charge    |     1 |     1 ||     2
Armor: Leather armour    |    50 |       ||    50
       Scale mail        |       |    23 ||    23
       Ring mail         |       |     7 ||     7
Dodge: Dodged            |    50 |    27 ||    77

Table legend: (Time is in decaauts)
 A = Elapsed time spent in this place.
 B = Non-inter-level travel time spent in this place.
 C = Inter-level travel time spent in this place.
 D = Time resting spent in this place.
 E = Time spent auto-exploring this place.
 F = Levels seen in this place.
 G = Mean time per level.
                   A        B        C        D        E       F      G
               +--------+--------+--------+--------+--------+-----+--------+
         Total |   3153 |   3080 |     73 |    610 |   1686 |   6 |  525.5 |
       Dungeon |   3115 |   3042 |     73 |    610 |   1686 |   5 |  623.0 |
         Abyss |     38 |     38 |      0 |      0 |      0 |   1 |   38.0 |
               +--------+--------+--------+--------+--------+-----+--------+

Top non-repeatable levels by time:
     D:3: 1116 daAuts
     D:2: 866 daAuts
     D:1: 692 daAuts
     D:4: 431 daAuts
 Abyss:1: 38 daAuts
     D:5: 8 daAuts
